 Dungeon Crawl Stone Soup version 0.30-a0-718-geaa24f58ff (webtiles) character file.

Game seed: 7806890904591107970

172 vineage the Trooper (level 5, -3/34 HPs)
             Began as a Gargoyle Fighter on Jan 25, 2023.
             Killed from afar by a steam dragon (19 damage)
             ... with a ball of steam
             ... on level 4 of the Dungeon.
             The game lasted 00:02:03 (2578 turns).

vineage the Trooper (Gargoyle Fighter)              Turns: 2578, Time: 00:02:04

Health: -3/34      AC: 15    Str: 21    XL:     5   Next: 53%
Magic:  5/5        EV:  7    Int:  9    God:
Gold:   230        SH:  4    Dex:  9    Spells: 4/4 levels left

rFire   . . .      SeeInvis .    a - +0 flail
rCold   . . .      Faith    .    c - +0 buckler
rNeg    + . .      Spirit   .    i - +0 chain mail
rPois   ∞          Reflect  .    n - +0 helmet
rElec   +          Harm     .    k - +0 cloak
rCorr   .          Rampage  .    (no gloves)
Will    .....                    (no boots) Stlth
                                 (no amulet)
HPRegen 0.25/turn                (no ring)
MPRegen 0.09/turn                (no ring)

@: no status effects
A: sickness immunity, AC +4, negative energy resistance 1, electricity
resistance, torment resistance 1, petrification resistance
a: no special abilities


You were on level 4 of the Dungeon.
You visited 1 branch of the dungeon, and saw 4 of its levels.

You collected 230 gold pieces.

Inventory:

Hand Weapons
 a - a +0 flail (weapon)
Armour
 c - a +0 buckler (worn)
 i - a +0 chain mail (worn)
 k - a +0 cloak (worn)
 n - a +0 helmet (worn)
Scrolls
 m - a scroll of fog {unknown}
 o - a scroll of identify
 p - 2 scrolls of teleportation {unknown}
 r - a scroll of enchant armour {unknown}
Potions
 b - a potion of lignification {unknown}
 d - a potion of might
 e - a potion of haste {unknown}
 f - a potion of heal wounds {unknown}
 g - 3 potions of curing
 h - 3 potions of attraction {unknown}
 j - a potion of brilliance {unknown}
 l - 3 potions of mutation {unknown}
 q - 2 potions of resistance {unknown}


   Skills:
 * Level 4.6 Fighting
 * Level 3.5 Maces & Flails
 + Level 3.9 Armour
 + Level 4.1 Shields


You had 4 spell levels left.
You didn't know any spells.
Your spell library contained the following spells:

 Spells                   Type           Power      Damage    Failure   Level
 Ozocubu's Armour         Ice            0%         N/A       100%        3
 Animate Dead             Necr           0%         N/A       100%        4
 Borgnjor's Vile Clutch   Necr/Erth      0%         N/A       100%        5
 Death Channel            Necr           0%         N/A       100%        6
 Ozocubu's Refrigeration  Ice            0%         4d7       100%        7


Dungeon Overview and Level Annotations

Branches:
Dungeon (4/15)
 Temple: D:4-7

Altars:


Innate Abilities, Weirdness & Mutations

You are immune to sickness and miasma.
Your stone body is resilient. (AC +4)
You are immune to poison.
You resist negative energy. (rN+)
You are resistant to electric shocks. (rElec)
You are resistant to unholy torment.
You are immune to petrification.


Message History

The adder bites you but does no damage. x2
You hit the adder.
The adder is almost dead.
The adder bites you but does no damage.
You closely miss the adder.
The adder is almost dead.
The adder bites you but does no damage. The adder barely misses you.
You miss the adder.
The adder is almost dead.
The adder bites you but does no damage. The adder barely misses you.
You barely miss the adder.
The adder is almost dead.
The adder bites you but does no damage.
You hit the adder.
You kill the adder!
No target in view!
No target in view!
No target in view!
No target in view!
No target in view!
No target in view!
No target in view!
No target in view!
No target in view!
No target in view!
A steam dragon comes into view.
The steam dragon hisses angrily.
You see here 10 gold pieces.
A steam dragon is nearby!
A steam dragon is nearby!
The steam dragon breathes steam at you. The ball of steam hits you!!
Ouch! That really hurt!
You hear an angry hiss.
You hear a shout! x2
You are too injured to fight recklessly!
You now have 230 gold pieces (gained 10).
The steam dragon breathes steam at you. The ball of steam hits you!!
Ouch! That really hurt!
You die...

. ### .. ######.##
#### ...
...#...#####..#
....
......#..#..#.....
##..##............
###..<###.§§D.#
#......#..§##§#
#..##.....@..#...
##.#...[..##>......
#..<...)..#
.........
.#........#
.........
..........#
#........
..:.......#
.#.##...
.##.###..... .#.#
... ...#.## #..
....###


There were no monsters in sight!

Vanquished Creatures
  Crazy Yiuf (D:3)
  An orc wizard (D:3)
  Robin (D:3)
  3 adders
  2 dart slugs (D:2)
  3 orcs (D:3)
  5 endoplasms
  5 giant cockroaches
  13 goblins
  7 hobgoblins
  2 jackals (D:1)
  4 quokkas
  5 ball pythons
  6 bats
  5 frilled lizards
  5 kobolds
  7 rats
75 creatures vanquished.

Notes
Turn   | Place    | Note
-------+----------+-------------------------------------------
     0 | D:1      | vineage the Gargoyle Fighter began the quest for the Orb.
     0 | D:1      | Reached XP level 1. HP: 14/14 MP: 1/1
   167 | D:1      | Reached XP level 2. HP: 19/19 MP: 2/2
   475 | D:1      | Reached XP level 3. HP: 24/24 MP: 3/3
  1490 | D:3      | Reached XP level 4. HP: 29/29 MP: 4/4
  1499 | D:3      | Found a faded altar of an unknown god.
  1727 | D:3      | Noticed Robin
  1741 | D:3      | Killed Robin
  2040 | D:3      | Reached XP level 5. HP: 27/34 MP: 5/5
  2188 | D:3      | Found a runed translucent door.
  2189 | D:3      | Noticed Crazy Yiuf
  2507 | D:3      | Killed Crazy Yiuf
  2572 | D:4      | Noticed a steam dragon
  2578 | D:4      | Killed from afar by a steam dragon

Illustrated notes

Levels and vault maps discovered:
D:1:      minmay_arrival_four_loops, layout_loops_cross
D:2:      layout_basic, patterned_corridor
D:3:      layout_loops_corners, ebering_ecumenical_altar_mist,
          hangedman_decor_points, uniq_robin, uniq_crazy_yiuf_cottage
D:4:      layout_cave_pools, corner_web_ring, uniq_blork_the_orc

Skill      XL: |  1  2  3  4 |
---------------+-------------+-----
Fighting       | 4 |  4.6
Maces & Flails | 3 |  3.5
Shields        | 4 |  4.1
Armour         | |  3.9

Action                     |  1- 3 |  4- 6 || total
---------------------------+-------+-------++-------
  Melee: Flail             |   129 |    97 ||   226
    Use: Scroll            |     3 |       ||     3
 Armour: Chain mail        |    93 |    77 ||   170
         Scale mail        |     1 |       ||     1
  Dodge: Dodged            |    54 |    24 ||    78
  Block: Buckler           |    32 |    13 ||    45

Table legend: (Time is in decaauts)
 A = Elapsed time spent in this place.
 B = Non-inter-level travel time spent in this place.
 C = Inter-level travel time spent in this place.
 D = Time resting spent in this place.
 E = Time spent auto-exploring this place.
 F = Levels seen in this place.
 G = Mean time per level.
                   A        B        C        D        E       F      G
               +--------+--------+--------+--------+--------+-----+--------+
         Total |   2644 |   2547 |     97 |      0 |   2026 |   4 |  661.0 |
       Dungeon |   2644 |   2547 |     97 |      0 |   2026 |   4 |  661.0 |
               +--------+--------+--------+--------+--------+-----+--------+

Top non-repeatable levels by time:
     D:3: 1112 daAuts
     D:1: 792 daAuts
     D:2: 713 daAuts
     D:4: 27 daAuts
